AoeStats
← Iberbulk

Arena

510266473Analyzed
1v1 RM · 1d ago on Sep 30, 2026· 56m 5s· 2 players
Game mode
Random Map
Map size
Tiny (2 player)
Population
200
Speed
Normal
Resources
Standard
Victory
Conquest
Starting age
Dark Age
Ending age
Imperial Age
RankedLock teamsTeams togetherTeam positionsShared explorationLock speedFull tech treeHidden civsTurbo modeCheats
Victory
Defeat
🇻🇳 Franks · Vietnam
1038
+19
🇪🇸 Bohemians · Spain
1095
-19
Iberbulk
10:39 Feudal Age
12:48 Horse Collar
13:32 Loom
16:52 Castle Age
15:25 Double-Bit Axe
22:22 Fletching
27:45 Bow Saw
27:40 Town Watch
36:17 Imperial Age
35:42 Chemistry
36:43 Wheelbarrow
43:20 Conscription
44:07 Husbandry
Vĩnh Nguyễn HCMCity
10:46 Feudal Age
14:43 Castle Age
14:03 Loom
14:56 Double-Bit Axe
15:05 Gold Mining
19:13 Bow Saw
28:28 Gold Shaft Mining
33:47 Imperial Age
Connection lost

Rejoining the realm…

Still unreachable

The connection could not be restored.

Session expired

The server has moved on; the page needs a fresh start.